 Dungeon Crawl Stone Soup version 0.32-a0-43-g058985b245 (webtiles) character file.

Game seed: 10853961432762561744

23713 Atlas the Arsonist (level 12, -1/81 HPs)
             Began as a Demonspawn Fire Elementalist on Feb 4, 2024.
             Was a High Priest of Vehumet.
             Succumbed to Nessos's poison
             ... on level 11 of the Dungeon.
             The game lasted 00:23:22 (13492 turns).

Atlas the Arsonist (Demonspawn Fire Elementalist)  Turns: 13492, Time: 00:23:23

Health: -1/81      AC: 17    Str: 11    XL:     12   Next: 74%
Magic:  7/27       EV: 22    Int: 20    God:    Vehumet [*****.]
Gold:   450        SH:  4    Dex: 15    Spells: 19/34 levels left

rFire   . . .        l - +7 mace "Beastbane" {pain, Str+3}
rCold   . . .        p - +0 buckler
rNeg    . . .        M - +0 troll leather armour
rPois   .            d - +0 helmet
rElec   .            L - +0 cloak
rCorr   .            f - +0 pair of gloves
SInv    +            H - +0 pair of boots {Fly}
Will    .....        (no amulet)
Stlth   ++           o - ring of see invisible
HPRegen 1.13/turn    i - +5 ring of evasion
MPRegen 0.40/turn

%: guardian spirit
@: agile, lethally poisoned (-1 -> -36), sanguine armoured, flying, studying
Fire Magic
A: powered by pain 2, magic shield, magic regeneration, sanguine armour 2,
demonic touch 1
a: Renounce Religion


You were on level 11 of the Dungeon.
You worshipped Vehumet.
Vehumet was extremely pleased with you.
You visited 2 branches of the dungeon, and saw 13 of its levels.
You also visited: Sewer and Bailey.

You collected 1410 gold pieces.
You spent 960 gold pieces at shops.

Inventory:

Hand Weapons
 l - the +7 mace "Beastbane" (weapon) {pain, Str+3}
   (You found it on level 2 of the Dungeon)

   Str+3:     It affects your strength (+3).
 G - the +5 spear of Zitira {flame, Fly Str+3 Dex+3 Stlth+}
   (You took it off a kobold in a bailey)

   Str+3:     It affects your strength (+3).
   Dex+3:     It affects your dexterity (+3).
   Fly:       It grants you flight.
   Stlth+:    It makes you more stealthy.
Armour
 d - a +0 helmet (worn)
 f - a +0 pair of gloves (worn)
 p - a +0 buckler (worn)
 H - a +0 pair of boots of flying (worn)
 L - a +0 cloak (worn)
 M - a +0 troll leather armour (worn)
Jewellery
 i - a +5 ring of evasion (right hand)
 o - a ring of see invisible (left hand)
 w - a +6 ring of strength
 N - a ring of ice
Wands
 u - a wand of mindburst (16)
 v - a wand of roots (8)
 C - a wand of polymorph (21)
 E - a wand of flame (75)
 J - a wand of acid (17)
Scrolls
 a - a scroll of brand weapon
 g - a scroll of vulnerability
 h - 8 scrolls of teleportation
 s - 3 scrolls of immolation
 x - 2 scrolls of poison
 y - 2 scrolls of amnesia
 A - a scroll of summoning {unknown}
 B - 2 scrolls of fear {unknown}
 D - a scroll of blinking {unknown}
 F - a scroll of torment {unknown}
 I - 2 scrolls of enchant weapon {unknown}
 K - a scroll of fog {unknown}
Potions
 b - 4 potions of magic
 c - 3 potions of might {unknown}
 e - 4 potions of brilliance {unknown}
 j - 6 potions of mutation {unknown}
 k - 10 potions of curing {unknown}
 m - a potion of resistance {unknown}
 n - 4 potions of lignification {unknown}
 q - 2 potions of haste {unknown}
 r - 5 potions of enlightenment
 t - 2 potions of attraction {unknown}
 z - 4 potions of heal wounds {unknown}
 O - 2 potions of degeneration {unknown}
Miscellaneous
 P - a lightning rod (4/4)


   Skills:
 + Level 3.2 Fighting
 + Level 4.7 Maces & Flails
 + Level 4.0 Armour
 + Level 3.8 Dodging
 + Level 3.2 Stealth
 + Level 1.9 Shields
 + Level 11.9 Spellcasting
 + Level 8.4 Conjurations
 + Level 13.6 Fire Magic
 + Level 0.4 Earth Magic


You had 19 spell levels left.
You knew the following spells:

 Your Spells              Type           Power      Damage    Failure   Level
a - Scorch                Fire           100%       2d9       1%          2
b - Foxfire               Conj/Fire      100%       2x1d9     1%          1
c - Flame Wave            Conj/Fire      54%        2d13      1%          4
d - Stone Arrow           Conj/Erth      58%        3d10      1%          3
e - Fireball              Conj/Fire      27%        3d12      1%          5

Your spell library contained the following spells:

 Spells                   Type           Power      Damage    Failure   Level
 Sting                    Conj/Alch      100%       1d9       1%          1
 Inner Flame              Hex/Fire       39%        N/A       1%          3
 Volatile Blastmotes      Fire/Tloc      78%        2d16      1%          3
 Sandblast                Erth           26%        2d8       2%          1
 Mercury Vapours          Alch/Air       22%        N/A       4%          2
 Brom's Barrelling Bould  Conj/Erth      29%        2d5       4%          4
 Fulminant Prism          Conj/Alch      14%        3d9       5%          4
 Iskenderun's Mystic Bla  Conj/Tloc      28%        2d7       5%          4
 Lesser Beckoning         Tloc           22%        N/A       16%         2
 Passwall                 Erth           13%        N/A       26%         3
 Olgreb's Toxic Radiance  Alch           11%        N/A       26%         4
 Call Canine Familiar     Summ           11%        N/A       32%         3
 Fugue of the Fallen      Necr           11%        N/A       32%         3
 Gell's Gravitas          Tloc           11%        N/A       32%         3
 Ozocubu's Armour         Ice            11%        N/A       32%         3
 Sigil of Binding         Hex            11%        N/A       32%         3
 Teleport Other           Tloc           11%        N/A       32%         3
 Animate Dead             Necr           11%        N/A       71%         4
 Dimensional Bullseye     Hex/Tloc       5%         N/A       71%         4
 Manifold Assault         Tloc           11%        N/A       71%         4
 Sculpt Simulacrum        Ice/Alch       5%         N/A       100%        6
 Haunt                    Necr/Summ      5%         N/A       100%        7
 Ozocubu's Refrigeration  Ice            5%         4d8       100%        7
 Infestation              Necr           5%         N/A       100%        8
 Polar Vortex             Ice            5%         N/A       100%        9


Dungeon Overview and Level Annotations

Branches:
Dungeon (12/15)            Temple (1/1) D:5            Lair (0/5) D:10
    Orc (0/2) D:10          Sewer (visited)          Bailey (visited)

Altars:
Ashenzari
Cheibriados
Dithmenos
Fedhas
Gozag
Hepliaklqana
Kikubaaqudgha
Makhleb
Nemelex Xobeh
Okawaru
Qazlal
Ru
Sif Muna
Trog
Uskayaw
Vehumet
Wu Jian
Xom
Yredelemnul

Shops:
D:7 *   D:8 :

Annotations:
D:8 3 runed translucent doors, Rexy's ghost, novice MfFi


Innate Abilities, Weirdness & Mutations

You sometimes gain power by taking damage.
When hurt, damage is shared between your health and your magic reserves.
You regenerate magic rapidly.
When seriously injured, your blood forms thick armour. (AC +9)
Your touch may inflict minor irresistible damage on your foes.


Message History

Nessos blinks!
A wave of flame ripples out!
The flame wave engulfs the troll but does no damage.
The troll is heavily wounded.
The troll bites you but does no damage. The troll barely misses you.
The troll closely misses you.
Unknown command.
A wave of flame ripples out!
The flame wave engulfs the troll!!
The troll is burned terribly!
You kill the troll!
Vehumet accepts your kill.
You feel your power returning.
The troll leather armour is intact enough to wear.
The flame wave engulfs Nessos!
Nessos is severely wounded.
Nessos wields a +1 longbow of flaming.
It bursts into flame!
Nessos shoots an arrow.
The arrow hits you!! The arrow burns you.
You are poisoned.
Nessos shoots an arrow.
The arrow hits you!!
Your blood congeals into armour.
The arrow burns you.
You are lethally poisoned!
Casting: Flame Wave (safe; 1% risk of failure)
Confirm with . or Enter, or press ? or * to list all spells.
Aiming: Fireball (dangerous; 1% risk of failure)
Press: ? - help, Shift-Dir - straight line, f - Nessos
Aim: Nessos, wielding a +1 longbow of flaming and wearing a +2 barding (severely wounded, fast)
The fireball explodes!
The fireball engulfs Nessos!!
You kill Nessos!
Vehumet accepts your kill.
You feel your power returning.
You focus on the pain.
You feel agile all of a sudden.
You feel extremely sick.
Your Armour skill increases to level 4!
Unknown command.
* * * LOW HITPOINT WARNING * * *
You focus on the pain.
You feel more agile all of a sudden.
You feel extremely sick.
You fly upwards.
You die...

#########........##.##......#####
...........##.#####.##.........##
#########..##.#####.##......##.##
######..................###.##
#...................##.## #.##
#.#####.#####.##.#####.# #.## #.#
#.# #.##.# #.# #.## #.#####.#
#.##.# ##.# #.## #.#.....# #@...#
#..# #..) #.#.##### #..### #.##
#..# #.#.^########..# #.#####..#
#..............# #.#...#..#
####.#########.## #..###.#.# #.#
#.....# #.## ##..# #.#
#.....#####.# #... #.#
#...........## ##.## #.#
#....))...##.###.###


There were no monsters in sight!

Vanquished Creatures
  Nessos (D:12)
  Fannar (D:10)
  An ogre mage (D:11)
  5 two-headed ogres
  A centaur warrior (D:11)
  Sonja (D:10)
  Lodul (D:11)
  Pikel (D:7)
  An ugly thing (D:12)
  An orc knight (Bailey)
  Maurice (D:7)
  3 slime creatures
  A gargoyle (D:12)
  Psyche (D:10)
  A komodo dragon (D:10)
  6 trolls
  A hornet (D:9)
  Grinder (D:6)
  Sigmund (D:6)
  A wyvern (D:8)
  A vampire (D:11)
  34 yaks
  9 vampire mosquitoes
  A steam dragon (D:8)
  Edmund (D:5)
  A water moccasin (D:5)
  6 orc warriors
  2 sky beasts
  2 black bears
  An ice beast (D:8)
  11 ogres
  3 lemures (D:7)
  4 centaurs
  4 kobold brigands
  3 bullfrogs
  2 gnoll sergeants (D:10)
  2 scorpions
  10 wights
  8 killer bees (D:9)
  A howler monkey (D:6)
  3 hounds
  4 jellies
  A bombardier beetle (D:4)
  8 orc priests
  3 gnoll boudas
  A sleepcap (D:6)
  6 iguanas
  Natasha (twice) (D:4)
  12 orc wizards
  14 gnolls
  6 adders
  5 river rats (Sewer)
  2 shadow imps (D:5)
  2 white imps
  6 ufetubi
  3 dart slugs
  A ribbon worm (D:4)
  47 orcs
  8 endoplasms
  5 giant cockroaches
  18 hobgoblins
  2 quokkas
  10 ball pythons
  7 bats
  5 frilled lizards
  12 goblins
  53 kobolds
  20 rats
403 creatures vanquished.

Vanquished Creatures (others)
  1296 foxfires
1296 creatures vanquished.

Grand Total: 1699 creatures vanquished

Notes
Turn   | Place    | Note
-------+----------+-------------------------------------------
     0 | D:1      | Atlas the Demonspawn Fire Elementalist began the quest for
                  | the Orb.
     0 | D:1      | Reached XP level 1. HP: 13/13 MP: 3/3
   228 | D:1      | Gained mutation: Your touch may inflict minor irresistible
                  | damage on your foes. [demonic ancestry]
   228 | D:1      | Reached XP level 2. HP: 19/19 MP: 1/5
  1182 | D:1      | Reached skill level 3 in Fire Magic
  1318 | D:1      | Reached XP level 3. HP: 20/24 MP: 2/6
  1501 | D:1      | Learned a level 2 spell: Scorch
  2091 | D:2      | Identified the +7 mace "Beastbane" {pain, Str+3}
  3326 | D:3      | Gained mutation: You sometimes gain a little power by
                  | taking damage. [demonic ancestry]
  3326 | D:3      | Reached XP level 4. HP: 30/30 MP: 4/8
  3438 | D:3      | Found a sacrificial altar of Ru.
  3439 | D:3      | Found a burning altar of Makhleb.
  3892 | D:4      | Noticed an ogre
  3893 | D:4      | Noticed a black bear
  3908 | D:4      | Killed an ogre
  3909 | D:4      | Gained mutation: You regenerate magic rapidly. [demonic
                  | ancestry]
  3909 | D:4      | Reached XP level 5. HP: 35/35 MP: 0/10
  3912 | D:4      | Killed a black bear
  3913 | D:4      | Reached skill level 4 in Fire Magic
  3948 | D:4      | Gained mutation: When seriously injured, your blood forms
                  | armour. (AC +9) [demonic ancestry]
  3948 | D:4      | Reached XP level 6. HP: 31/41 MP: 3/12
  4029 | D:4      | Noticed Natasha
  4052 | D:4      | Killed Natasha
  4053 | D:4      | Reached skill level 1 in Armour
  4066 | D:4      | Found a glowing drain.
  4085 | Sewer    | Entered a sewer
  4893 | D:4      | Identified the maw talisman "Limir" {+Blink rPois}
  5012 | D:4      | Noticed Natasha
  5060 | D:4      | Reached XP level 7. HP: 45/46 MP: 5/13
  5241 | D:4      | Killed Natasha
  5264 | D:5      | Entered Level 5 of the Dungeon
  5268 | D:5      | Reached skill level 5 in Fire Magic
  5272 | D:5      | Reached skill level 5 in Spellcasting
  5417 | D:5      | Found a staircase to the Ecumenical Temple.
  5427 | Temple   | Entered the Ecumenical Temple
  5489 | Temple   | Became a worshipper of Vehumet
  5713 | D:5      | Noticed Edmund
  5816 | D:5      | Killed Edmund
  5817 | D:5      | Reached skill level 1 in Maces & Flails
  5817 | D:5      | Gained mutation: When hurt, damage is shared between your
                  | health and your magic reserves. [demonic ancestry]
  5817 | D:5      | Reached XP level 8. HP: 53/53 MP: 7/16
  6111 | D:5      | Learned a level 4 spell: Flame Wave
  6728 | D:6      | Reached skill level 6 in Fire Magic
  6787 | D:6      | Reached * piety under Vehumet
  6787 | D:6      | Offered knowledge of Shock by Vehumet.
  6996 | D:6      | Noticed Sigmund
  6998 | D:6      | Killed Sigmund
  7095 | D:6      | Noticed Grinder
  7104 | D:6      | Killed Grinder
  7105 | D:6      | Reached skill level 1 in Fighting
  7105 | D:6      | Reached XP level 9. HP: 59/59 MP: 3/19
  7281 | D:6      | Reached skill level 7 in Fire Magic
  7358 | D:6      | Reached ** piety under Vehumet
  7392 | D:7      | Found a flagged portal.
  7394 | D:7      | Offered knowledge of Searing Ray by Vehumet.
  7405 | Bailey   | Entered a bailey
  7464 | Bailey   | Noticed an orc knight
  7608 | Bailey   | Identified the +5 spear of Zitira {flame, Fly Str+3 Dex+3
                  | Stlth+}
  7744 | Bailey   | Offered knowledge of Frozen Ramparts by Vehumet.
  7775 | Bailey   | Killed an orc knight
  7776 | Bailey   | Reached skill level 5 in Conjurations
  7776 | Bailey   | Reached skill level 8 in Fire Magic
  7862 | Bailey   | Found the +11 plutonium sword {^Contam Stlth-}
  7940 | D:7      | Found Siguof Vepo's Overcharged Wands.
  8128 | D:7      | Learned a level 3 spell: Stone Arrow
  8159 | D:7      | Reached *** piety under Vehumet
  8301 | D:7      | Noticed Pikel
  8308 | D:7      | Noticed Maurice
  8345 | D:7      | Killed Pikel
  8346 | D:7      | Reached XP level 10. HP: 52/67 MP: 7/22
  8451 | D:7      | Killed Maurice
  9003 | D:8      | Noticed a two-headed ogre
  9011 | D:8      | Killed a two-headed ogre
  9012 | D:8      | Reached skill level 9 in Fire Magic
  9085 | D:8      | Found a bloodstained altar of Trog.
  9135 | D:8      | Offered knowledge of Sticky Flame by Vehumet.
  9264 | D:8      | Found a runed translucent gate.
  9264 | D:8      | Found a runed translucent gate.
  9264 | D:8      | Found a runed translucent gate.
  9265 | D:8      | Noticed a ten-headed hydra
  9266 | D:8      | Noticed Rexy's ghost (novice MfFi)
  9581 | D:8      | Found Itashrua's Book Emporium.
  9590 | D:8      | Bought a manual of Fire Magic for 960 gold pieces
  9907 | D:9      | Reached **** piety under Vehumet
 10021 | D:9      | Offered knowledge of Mephitic Cloud by Vehumet.
 10022 | D:9      | Reached skill level 10 in Fire Magic
 10084 | D:9      | Gained mutation: You sometimes gain power by taking damage.
                  | [demonic ancestry]
 10084 | D:9      | Reached XP level 11. HP: 58/70 MP: 21/24
 10340 | D:9      | Reached skill level 10 in Spellcasting
 10677 | D:9      | Found a hide-covered altar of Uskayaw.
 10677 | D:9      | Found a shimmering blue altar of Sif Muna.
 10709 | D:9      | Found an ancient bone altar of Kikubaaqudgha.
 10973 | D:10     | Entered Level 10 of the Dungeon
 10998 | D:10     | Reached skill level 11 in Fire Magic
 10999 | D:10     | Reached ***** piety under Vehumet
 11066 | D:10     | Found a staircase to the Orcish Mines.
 11121 | D:10     | Found a hazy altar of Hepliaklqana.
 11182 | D:10     | Offered knowledge of Fireball by Vehumet.
 11194 | D:10     | Learned a level 5 spell: Fireball
 11209 | D:10     | Found a staircase to the Lair.
 11316 | D:10     | Noticed Fannar
 11328 | D:10     | Killed Fannar
 11488 | D:10     | Noticed a two-headed ogre
 11495 | D:10     | Killed a two-headed ogre
 11537 | D:10     | Reached skill level 12 in Fire Magic
 11569 | D:10     | Noticed Sonja
 11573 | D:10     | Killed Sonja
 11647 | D:10     | Noticed Psyche
 11760 | D:10     | Reached skill level 1 in Shields
 11978 | D:10     | Killed Psyche
 12158 | D:11     | Noticed a two-headed ogre
 12158 | D:11     | Noticed a two-headed ogre
 12171 | D:11     | Killed a two-headed ogre
 12173 | D:11     | Killed a two-headed ogre
 12174 | D:11     | Gained mutation: When seriously injured, your blood forms
                  | thick armour. (AC +9) [demonic ancestry]
 12174 | D:11     | Reached XP level 12. HP: 29/78 MP: 9/27
 12174 | D:11     | Noticed a two-headed ogre
 12312 | D:11     | Noticed Lodul
 12326 | D:11     | Killed Lodul
 12327 | D:11     | Reached skill level 13 in Fire Magic
 12611 | D:11     | Killed a two-headed ogre
 12616 | D:11     | Noticed an ogre mage
 12619 | D:11     | Killed an ogre mage
 12723 | D:11     | Noticed a centaur warrior
 12736 | D:11     | Killed a centaur warrior
 13448 | D:12     | Noticed Nessos
 13490 | D:12     | Killed Nessos
 13492 | D:11     | Succumbed to Nessos's poison

Illustrated notes

Levels and vault maps discovered:
D:1:      lightli_arrival_isolated_outpost, layout_basic, minmay_tiny_reverse_x
D:2:      layout_rooms, serial_co_window_serial, co_window_paths_b,
          co_window_corner_a, co_window_cross_1, co_window_of_opportunity_a,
          co_window_of_opportunity_a, co_window_corner_a, co_window_cross_4,
          co_window_paths_c, co_window_broadway_a, glass_columns_a
D:3:      layout_basic, nicolae_overflow_squiral, minmay_misc_feat_diagonals
D:4:      layout_basic, cheibrodos_sewer_entry_bend, st_stairs_3, uniq_natasha
D:5:      layout_basic, minmay_temple_entry_proselytizer, uniq_edmund
D:6:      kennysheep_spiral_hall, layout_rooms, uniq_sigmund, uniq_grinder
D:7:      layout_rooms, nicolae_tso_carved_into_rock, enter_bailey_5,
          enter_ossuary_5, kennysheep_pointless_box,
          nicolae_shop_overcharged_wands, uniq_pikel, uniq_maurice
D:8:      layout_gridville, mainiacjoe_overflow_concentric_impassable,
          gammafunk_ghost_hydra_chop, serial_shops, shop
D:9:      lemuel_troll_bridge, layout_cave_pools, lemuel_coloured_pillars_altar,
          mainiacjoe_overflow_large_starburst, feat_on_display
D:10:     layout_small_grid, nicolae_hepliaklqana_hippocampus,
          david_lair_shrubbed, david_orc_5, chequers_decorated_corner,
          uniq_fannar, uniq_sonja, uniq_psyche
D:11:     layout_loops_ring, uniq_lodul
D:12:     layout_loops_corners, uniq_nessos
Temple:   jpeg_temple_clearing

Skill      XL: |  1  2  3  4  5  6  7  8  9 10 11 12 |
---------------+-------------------------------------+-----
Fire Magic     | 3 4 5 6 8 10 12 13 | 13.6
Stealth        | 2 3 |  3.2
Spellcasting   | 3 4 5 6 8 9 11 | 11.9
Dodging        | 2 3 |  3.8
Conjurations   | 2 3 4 5 6 7 8 |  8.4
Armour         | 1 2 3 4 |  4.0
Maces & Flails | 1 2 4 |  4.7
Fighting       | 1 2 3 |  3.2
Shields        | 1 |  1.9
Earth Magic    | |  0.4

Action                     |  1- 3 |  4- 6 |  7- 9 | 10-12 || total
---------------------------+-------+-------+-------+-------++-------
  Melee: Unarmed           |    32 |       |       |       ||    32
         Touch             |     2 |     2 |     6 |     4 ||    14
         Mace              |       |    25 |    26 |   100 ||   151
         Spear             |       |       |     7 |       ||     7
   Cast: Foxfire           |    96 |    98 |   271 |   259 ||   724
         Scorch            |     9 |    18 |    59 |    95 ||   181
         Flame Wave        |       |       |     4 |    24 ||    28
         Fireball          |       |       |       |    32 ||    32
         Stone Arrow       |       |       |       |     4 ||     4
    Use: Scroll            |       |       |       |     6 ||     6
   Stab: Sleeping          |       |     2 |     1 |       ||     3
 Armour: Robe              |    16 |       |       |       ||    16
         Leather armour    |     1 |    22 |    73 |    71 ||   167
         Skin              |       |       |    16 |       ||    16
         Troll leather arm |       |       |       |   108 ||   108
  Dodge: Dodged            |    17 |    28 |    57 |   226 ||   328
  Block: Buckler           |       |       |       |    27 ||    27

Table legend: (Time is in decaauts)
 A = Elapsed time spent in this place.
 B = Non-inter-level travel time spent in this place.
 C = Inter-level travel time spent in this place.
 D = Time resting spent in this place.
 E = Time spent auto-exploring this place.
 F = Levels seen in this place.
 G = Mean time per level.
                   A        B        C        D        E       F      G
               +--------+--------+--------+--------+--------+-----+--------+
         Total |  13541 |  12989 |    552 |    359 |   9784 |  15 |  902.7 |
       Dungeon |  12168 |  11696 |    472 |    347 |   8970 |  12 | 1014.0 |
        Temple |     80 |      1 |     79 |      0 |      0 |   1 |   80.0 |
         Sewer |    793 |    793 |      0 |      0 |    607 |   1 |  793.0 |
        Bailey |    498 |    498 |      0 |     12 |    206 |   1 |  498.0 |
               +--------+--------+--------+--------+--------+-----+--------+

Top non-repeatable levels by time:
     D:1: 1693 daAuts
     D:5: 1283 daAuts
    D:11: 1196 daAuts
     D:3: 1141 daAuts
    D:10: 1127 daAuts
     D:9: 1084 daAuts
     D:8: 1046 daAuts
     D:7: 960 daAuts
     D:2: 919 daAuts
   Sewer: 793 daAuts
     D:4: 778 daAuts
     D:6: 735 daAuts
  Bailey: 498 daAuts
    D:12: 202 daAuts
  Temple: 80 daAuts
